 Dungeon Crawl Stone Soup version 0.20-a0-336-g7b05759 (webtiles) character file.

830 Da5id the Basher (level 7, -4/41 HPs)
             Began as a Gargoyle Fighter on Dec 21, 2016.
             Slain by a slave (6 damage)
             ... led by Pikel
             ... on level 5 of the Dungeon.
             The game lasted 00:06:20 (4893 turns).

Da5id the Basher (Gargoyle Fighter)                 Turns: 4893, Time: 00:06:21

Health: -4/41      AC: 11    Str: 21    XL:     7   Next: 97%
Magic:  7/7        EV: 14    Int: 11    God:
Gold:   47         SH:  5    Dex: 14    Spells: 6/6 levels left

rFire  . . .     SeeInvis .     d - +0 morningstar
rCold  . . .     Gourm    .     b - +0 scale mail
rNeg   + . .     Faith    .     q - +0 buckler
rPois  ∞         Spirit   .     (no helmet)
rElec  +         Reflect  .     (no cloak)
rCorr  .         Harm     .     (no gloves)
MR     .....                    (no boots)
Stlth  +.........               (no amulet)
                                (no ring)
                                h - +2 ring of intelligence

@: agile
A: negative energy resistance 1, electricity resistance, unbreathing,
petrification resistance, rot immunity, AC +4
a: no special abilities


You were on level 5 of the Dungeon.
You were not hungry.

You visited 1 branch of the dungeon, and saw 7 of its levels.

You collected 187 gold pieces.
You spent 140 gold pieces at shops.

Inventory:

Hand Weapons
 a - a +0 flail
 d - a +0 morningstar (weapon)
Armour
 b - a +0 scale mail (worn)
 c - a +0 shield
 q - a +0 buckler (worn)
Jewellery
 h - a +2 ring of intelligence (left hand)
Scrolls
 e - 3 scrolls of remove curse {unknown}
 j - a scroll of enchant armour {unknown}
 k - 7 scrolls of identify {unknown}
 n - 2 scrolls of magic mapping {unknown}
 o - a scroll of blinking {unknown}
 p - a scroll of random uselessness {unknown}
 r - 2 scrolls of fog {unknown}
 t - a scroll of noise {unknown}
 v - a scroll of enchant weapon {unknown}
 x - 2 scrolls of amnesia {unknown}
 y - a scroll of teleportation {unknown}
Potions
 i - a potion of haste {unknown}
 l - a potion of degeneration {unknown}
 m - a potion of brilliance {unknown}
 w - a potion of mutation {unknown}
 z - a potion of ambrosia {unknown}
 A - a potion of agility
Comestibles
 f - 3 bread rations
 g - a meat ration
 s - a slice of pizza
 u - 4 fruits


   Skills:
 - Level 3.2 Fighting
 + Level 8.9 Maces & Flails
 - Level 3.2 Armour
 - Level 3.2 Shields


You had 6 spell levels left.
You didn't know any spells.

Dungeon Overview and Level Annotations

Branches:
Dungeon (7/15)
 Temple: D:4-7

Altars:
Fedhas
Gozag
Hepliaklqana
Qazlal
Trog
Xom

Shops:
D:4 *   D:5 %   D:7 =

Annotations:
D:5 Eustachio, Pikel


Innate Abilities, Weirdness & Mutations

You are resistant to torment.
Your stone body is resilient. (AC +4)
You are immune to poison.
You resist negative energy. (rN+)
You are resistant to electric shocks. (rElec)
You can survive without breathing.
You are immune to petrification.
You are immune to rotting.


Message History

Pikel is almost dead.
The slave barely misses you. Pikel hits you but does no damage.
The gnoll closely misses you.
You hit Pikel but do no damage.
Pikel is almost dead.
The slave misses you. Pikel hits you but does no damage.
You barely miss Pikel.
Pikel is almost dead.
The gnoll closely misses you. The slave hits you but does no damage.
Pikel barely misses you.
You closely miss Pikel.
Pikel is almost dead.
The gnoll closely misses you. The slave hits you but does no damage.
Pikel hits you but does no damage.
You hit Pikel but do no damage.
Pikel is almost dead.
The gnoll hits you from afar with a halberd.
* * * LOW HITPOINT WARNING * * *
The slave hits you.
You die...

#####.#.###.#.#.#.###
. #.#.#...p§.@#.#
#.#.#.#.#####.#
#.#.#.#.# #.#
#.....#.. ..#
#.######## ### #.#
#g### #pK@# ###p# #.+
###


You could see Pikel, 2 slaves and a gnoll.

Vanquished Creatures
  Grinder (D:3)
  An ogre (D:7)
  3 bullfrogs (D:7)
  A crimson imp (D:7)
  A hound (D:4)
  A jelly (D:7)
  2 orc priests (D:4)
  2 orc wizards
  A worker ant (D:5)
  4 adders
  An adder zombie (D:5)
  2 worms
  2 dart slugs
  3 leopard geckos
  17 orcs
  8 bats
  7 giant cockroaches
  11 hobgoblins
  10 jackals
  2 quokkas (D:3)
  3 ball pythons
  A frilled lizard (D:1)
  5 kobolds
  A quokka skeleton (D:5)
  3 rats (D:2)
93 creatures vanquished.

Notes
Turn   | Place    | Note
-------+----------+-------------------------------------------
     0 | D:1      | Da5id the Gargoyle Fighter began the quest for the Orb.
     0 | D:1      | Reached XP level 1. HP: 14/14 MP: 1/1
   234 | D:1      | Reached XP level 2. HP: 15/19 MP: 2/2
   801 | D:1      | Reached skill level 3 in Maces & Flails
  1343 | D:2      | Reached XP level 3. HP: 23/23 MP: 3/3
  1752 | D:2      | Found a shimmering altar of Xom.
  1754 | D:2      | Found an opulent altar of Gozag.
  1754 | D:2      | Found a hide-covered altar of Uskayaw.
  1756 | D:2      | Found a hide-covered altar of Uskayaw.
  1756 | D:2      | Found a stormy altar of Qazlal.
  1756 | D:2      | Found a hazy altar of Hepliaklqana.
  2014 | D:2      | Reached skill level 4 in Maces & Flails
  2042 | D:2      | Reached XP level 4. HP: 23/28 MP: 4/4
  2331 | D:3      | Noticed Grinder
  2335 | D:3      | Paralysed by Grinder for 6 turns
  2354 | D:3      | Killed Grinder
  2354 | D:3      | Reached skill level 6 in Maces & Flails
  2354 | D:3      | Reached XP level 5. HP: 15/32 MP: 5/5
  2354 | D:3      | Reached XP level 6. HP: 18/37 MP: 6/6
  2584 | D:3      | Found a blossoming altar of Fedhas.
  2600 | D:3      | Found a stormy altar of Qazlal.
  3094 | D:4      | Reached skill level 7 in Maces & Flails
  3425 | D:4      | Found Zext's Assorted Antiques.
  3430 | D:4      | Bought a scroll labeled KODASU CAMUAG for 28 gold pieces
  3430 | D:4      | Bought a scroll labeled INWEN PUHAPESS for 28 gold pieces
  3430 | D:4      | Bought a scroll labeled VUUTZEO YDDA for 28 gold pieces
  3430 | D:4      | Bought a scroll labeled KODASU CAMUAG for 28 gold pieces
  3430 | D:4      | Bought a scroll labeled FIERAOMNOSCH for 28 gold pieces
  3966 | D:4      | Reached XP level 7. HP: 41/41 MP: 7/7
  4007 | D:4      | You fall through a shaft for 3 floors!
  4234 | D:7      | Reached skill level 8 in Maces & Flails
  4487 | D:7      | Found Epainat's Jewellery Shop.
  4509 | D:6      | Found a bloodstained altar of Trog.
  4539 | D:5      | Entered Level 5 of the Dungeon
  4608 | D:5      | Found Xuigaonn's Food Emporium.
  4847 | D:5      | Noticed Eustachio
  4847 | D:5      | Noticed Pikel
  4893 | D:5      | HP: 2/41 [gnoll/halberd (2)]
  4893 | D:5      | Slain by a slave

Vault maps used:
D:1:      dpeg_arrival_circle_labyrinth_a
D:2:      doesnt_xom_only_xom
D:3:      grunt_temple_overflow_forces_of_nature, hex_large,
          nrook_loot_triangle, uniq_grinder
D:4:      serial_shops, shop
D:5:      serial_shops, shop, first_bread, uniq_eustachio, uniq_pikel
D:6:      lemuel_round_altar, kennysheep_cluttered_room
D:7:      serial_shops, shop

Skill      XL: |  1  2  3  4  5  6  7 |
---------------+----------------------+-----
Maces & Flails | 3 4 6 7 8 |  8.9
Fighting       | |  3.2
Armour         | |  3.2
Shields        | |  3.2

Action                   |  1- 3 |  4- 6 |  7- 9 || total
-------------------------+-------+-------+-------++-------
Melee: Flail             |   116 |   124 |       ||   240
       Morningstar       |       |    32 |    93 ||   125
  Use: Potion            |       |     4 |     1 ||     5
  Eat: Chunk             |     4 |     5 |     4 ||    13
Armor: Scale mail        |    65 |    83 |    53 ||   201
Dodge: Dodged            |    27 |    88 |    36 ||   151
Block: Shield            |    57 |     4 |       ||    61
       Buckler           |       |    32 |    20 ||    52
